Map: Breakwater LE

Players

Jelly - Winner!

  • Race: Protoss Protoss
  • Spawn Location: 1:00

MrO - Winner!

  • Race: Terran Terran
  • Spawn Location: 1:00

VOD

Have the link to the VOD?

Description

Time

  • Played on: Aug. 23, 2025, 6:43 p.m.
  • Length: 16:58
Show
View Real Time Build Order
Export as new Build Order

Jelly Protoss - Winner!

Build Orders:  

Get SALT Encoding   

  12  0:03  Probe (Chrono Boost)  
  13  0:28  Pylon  
  13  1:08  Gateway  
  13  1:10  Forge  
  13  1:26  Pylon  
  13  1:34  Pylon  
  13  1:47  Probe (Chrono Boost)  
  14  1:50  Assimilator  
  14  2:04  Probe (Chrono Boost)  
  16  2:21  Probe (Chrono Boost)  
  16  2:27  Zealot  
  18  2:38  Probe (Chrono Boost)  
  19  2:43  Photon Cannon  
  19  2:49  Photon Cannon  
  19  3:05  Zealot  
  21  3:12  Photon Cannon  
  21  3:26  Probe (Chrono Boost)  
  22  3:43  Probe (Chrono Boost)  
  22  3:44  Cybernetics Core  
  23  4:31  Pylon  
  23  4:43  Robotics Facility  
  23  5:06  Assimilator  
  24  5:11  Probe (Chrono Boost)  
  24  5:31  Warp Gate  
  24  5:41  Gateway  
  24  5:44  Gateway  
  24  5:46  Gateway  
  24  5:59  Nexus  
  24  6:23  Probe (Chrono Boost)  
  25  6:33  Immortal  
  41  6:40  Probe (Chrono Boost)  
  30  6:55  Pylon  
  30  6:56  Probe (Chrono Boost)  
  31  7:06  Pylon  
  31  7:13  Probe (Chrono Boost)  
  32  7:23  Observer  
  34  7:30  Probe (Chrono Boost)  
  34  7:45  Stalker  
  34  7:46  Stalker  
  34  7:47  Stalker, Probe (Chrono Boost)  
  34  7:49  Sentry  
  43  8:04  Probe (Chrono Boost)  
  44  8:16  Robotics Bay  
  44  8:29  Probe (Chrono Boost)  
  45  8:46  Probe (Chrono Boost)  
  44  9:15  Shield Battery  
  44  10:11  Colossus  
  50  10:31  Stalker  
  50  10:32  Zealot  
  50  10:34  Zealot  
  50  10:35  Stalker  
  58  11:06  Sentry  
  60  11:26  Immortal  
  64  11:42  Assimilator  
  64  11:47  Photon Cannon  
  64  11:49  Shield Battery  
  64  11:52  Gateway  
  64  11:54  Photon Cannon  
  64  12:21  Immortal  
  68  12:30  Stalker  
  68  12:35  Stalker  
  68  12:36  Stalker  
  68  12:37  Stalker  
  76  13:15  Pylon  
  76  14:21  Nexus  
  76  14:28  Pylon  
Show
View Real Time Build Order
Export as new Build Order

MrO Terran - Winner!

Build Orders:  

Get SALT Encoding   

  12  0:01  SCV  
  13  0:24  SCV  
  14  0:41  SCV  
  15  1:21  Supply Depot  
  15  1:52  SCV  
  15  1:53  Supply Depot  
  15  1:59  Barracks  
  16  2:03  Barracks  
  16  2:08  SCV  
  17  2:12  Barracks  
  17  2:25  SCV  
  18  2:36  Supply Depot  
  18  2:42  SCV  
  19  3:13  Marine  
  19  3:15  Marine  
  19  3:19  Marine  
  22  3:38  Marine  
  23  3:40  Marine  
  23  3:44  Marine  
  25  4:03  Marine  
  25  4:05  Marine  
  25  4:09  Marine  
  28  4:27  Marine  
  29  4:30  Marine  
  29  4:34  Marine  
  26  4:52  Marine  
  26  4:55  Marine  
  26  4:59  Marine  
  29  5:16  Barracks  
  29  5:17  Marine  
  29  5:19  Barracks  
  30  5:20  Marine  
  30  5:24  Marine, Engineering Bay  
  30  5:29  Refinery  
  32  5:34  SCV  
  32  5:35  Refinery  
  33  5:42  Marine  
  33  5:45  Marine  
  33  5:49  Marine  
  36  5:51  SCV  
  37  6:07  Marine  
  37  6:08  SCV  
  39  6:11  Marine  
  39  6:14  Marine  
  38  6:25  SCV  
  39  6:30  Barracks Tech Lab  
  39  6:55  Supply Depot  
  39  7:16  Barracks Tech Lab  
  39  7:18  Barracks Tech Lab  
  39  7:20  Barracks Reactor  
  39  7:25  SCV  
  40  7:33  Supply Depot  
  40  7:42  SCV  
  40  7:43  Unknown  
  40  7:47  Barracks Reactor  
  42  8:05  Supply Depot  
  42  8:06  Orbital Command  
  41  8:12  Engineering Bay  
  41  8:25  Command Center  
  41  8:28  Marauder  
  43  8:31  Marauder  
  43  8:37  Supply Depot  
  45  9:01  Marine  
  45  9:03  Marauder  
  45  9:09  Supply Depot  
  38  9:40  Stimpack  
  38  9:49  Marauder  
  39  9:51  Marauder  
  39  9:53  Marine  
  39  9:54  Marine  
  42  10:07  Concussive Shells  
  42  10:18  Marine  
  42  10:19  Marine  
  44  10:25  Terran Infantry Weapons Level 1  
  44  10:27  Terran Infantry Armor Level 1  
  44  10:43  Marine  
  43  10:58  Marine  
  43  11:01  Reaper  
  43  11:08  Marine x2  
  45  11:23  Marine  
  46  11:36  Orbital Command  
  46  11:41  Marauder  
  46  11:48  Marine  
  47  12:11  Marauder  
  47  12:13  Marine  
  50  12:28  SCV  
  51  12:40  Factory  
  51  12:41  Marauder  
  51  12:45  SCV  
  51  12:48  SCV  
  55  13:02  SCV  
  55  13:05  SCV  
  57  13:22  SCV  
  58  13:40  Marine x2  
  58  13:43  Marauder  
  58  13:45  Marauder  
  64  13:50  Factory Tech Lab  
  64  13:57  Starport  
  64  14:05  Marine  
  65  14:10  Armory  
  65  14:13  Marauder  
  65  14:15  Marauder  
  68  14:45  Marauder  
Tags
 
Add a new tag
Caveats
  • Supply blocks, unpowered buildings, or Contaminate may cause inaccurate times.
  • Supply counts are checked every 10 seconds.